[Event "Czech Championship 2022"]
[Site "Usti nad Labem"]
[Date "2022.05.18"]
[Round "5.11"]
[White "Stinka, Jakub"]
[Black "Brejnik, Gustav"]
[Result "1-0"]
[ECO "D45"]
[WhiteElo "2345"]
[BlackElo "2246"]
[Annotator "TA"]
[PlyCount "61"]
[EventDate "2022.05.12"]
[EventType "swiss"]
[EventCountry "CZE"]
[SourceTitle "playchess.com"]
[Source "ChessBase"]
[SourceQuality "1"]
[TimeControl "40/5400+30:1800+30"]

1. d4 {[%emt 0:00:03] Kapnisis,Spyridon} d5 2. c4 c6 3. Nf3 Nf6 4. Nc3 e6 5. e3 Nbd7 6. Qc2 Bd6 7. b3 O-O 8. Be2 b6 9. Bb2 Bb7 10. O-O Qe7 11. Rad1 Rad8 12. Rfe1 Rfe8 13. Bf1 {[%emt 0:00:37] D45: Semi-Slav: 5 e3.} c5 14. cxd5 exd5 15. dxc5 {[%emt 0:01:35] The position is equal.} bxc5 16. Ne2 {[%emt 0:04:36] [#]} d4 $146 (16... Bc7 $11) ({Predecessor:} 16... Bc7 17. Ng3 Ba5 18. Nf5 Qf8 19. Bc3 Bxc3 20. Qxc3 a6 21. Qa5 Rc8 22. Rc1 g6 {1-0 (46) Bacrot,E (2673)-Korobov,A (2688) Linares 2020 CBM 198 extra [Kapnisis,Spyridon]}) 17. Ng3 ({White should play} 17. exd4 $16 Qe4 18. Qxe4 Rxe4 19. Ng3 Rxe1 20. Rxe1 (20. Nxe1 cxd4 21. Bxd4 Bc7 $16)) 17... Ne5 $2 (17... Bxf3 $11 {and Black is okay.} 18. gxf3 Ne5) 18. Nxe5 $18 Qxe5 19. exd4 Qxe1 20. Rxe1 Rxe1 {[%emt 0:00:04] [#]} 21. Bc3 $1 ({Don't go for} 21. dxc5 $2 Bxg3 22. hxg3 (22. fxg3 $2 Ba6 $19) 22... Be4 $19) 21... Be4 $2 (21... Ree8 22. dxc5 Bc7) 22. Nxe4 {[%emt 0:02:35] Dancing on a razor blade.} Rxe4 23. dxc5 Be5 24. f3 ({Weaker is} 24. Bd3 Bxc3 25. Bxe4 Rd2 $18) 24... Bd4+ 25. Bxd4 {[%emt 0:00:17] White is clearly winning.} Rexd4 26. c6 {[%emt 0:04:34] [#] And now c7 would win.} Nd5 27. Qc5 Rd1 28. Kf2 Rc8 29. Ba6 Rc7 30. Qd6 h6 31. Bc4 {[%emt 0:00:34] Black got outplayed after the opening.  Weighted Error Value: White=0.23 (precise) /Black=0.80} 1-0

[Event "Czech Championship 2022"]
[Site "Usti nad Labem"]
[Date "2022.05.18"]
[Round "5.12"]
[White "Babula, Vlastimil jr"]
[Black "Gnojek, Petr"]
[Result "1/2-1/2"]
[ECO "B07"]
[WhiteElo "2217"]
[BlackElo "2302"]
[Annotator "TA"]
[PlyCount "115"]
[EventDate "2022.05.12"]
[EventType "swiss"]
[EventCountry "CZE"]
[SourceTitle "playchess.com"]
[Source "ChessBase"]
[SourceQuality "1"]
[TimeControl "40/5400+30:1800+30"]

1. d4 d6 2. e4 Nf6 3. Nc3 g6 4. Be3 Bg7 5. Qd2 c6 6. Bh6 Bxh6 7. Qxh6 Nbd7 {[%emt 0:02:14] B07: Pirc Defence: Miscellaneous Systems.} 8. O-O-O e5 {[%emt 0:04:04] [#]} 9. h3 $146 (9. Nf3 $14) ({Predecessor:} 9. Be2 b5 10. dxe5 dxe5 11. Nh3 b4 12. Na4 Qe7 13. Bc4 Nb6 14. Bb3 Bxh3 15. Qxh3 {½-½ (47) Sutovsky,E (2647)-Paehtz,T (2372) Caleta 2016}) 9... b5 $11 {[%emt 0:12:28] The position is equal.} 10. dxe5 dxe5 (10... Nxe5 $2 11. f4 Ned7 12. e5 $18 (12. Rxd6 b4 $14)) 11. Nf3 {[%emt 0:03:41] Nxe5 is the strong threat.} Qb6 (11... Qe7 $11) 12. Ng5 {[%emt 0:11:45] White is more active.} ({Much weaker is} 12. Qg7 $6 Rg8 13. Qh6 Qxf2 $15) (12. Rd6 $16) 12... Qc5 13. Kb1 (13. f4 $11) 13... b4 ({Black should play} 13... Qf8 $15 14. Qxf8+ Kxf8) 14. Na4 Qf8 15. Qxf8+ Rxf8 16. Bd3 $36 {[%emt 0:03:07][%mdl 2048] White has good play.} (16. Bc4 {looks sharper.} Ke7 17. c3 a5 18. Rhe1) 16... Bb7 (16... Nb6 $5 17. Nc5 Ke7 $14) 17. f4 exf4 18. e5 Nd5 19. e6 fxe6 20. Nxe6 Rf6 (20... Rf7 $11) 21. Rhe1 $14 {[%emt 0:03:07] And now Nec5+ would win.} Ne3 {[%emt 0:04:53] [#]} (21... Rb8 $14 {feels stronger.}) 22. Nxf4 $1 $16 {[%emt 0:00:49][%mdl 64] Remove Defender} Rxf4 23. Rxe3+ Kf8 24. Be2 (24. Rde1 $16) 24... Re8 $11 25. Rxe8+ Kxe8 26. Bf3 Rf6 (26... Ke7 $11) 27. b3 Ke7 28. a3 bxa3 29. Ka2 Bc8 30. Re1+ {[%emt 0:01:30][%mdl 1024] White has compensation.} Kd6 31. Rd1+ (31. Nc3 $5 Rf5 32. Re8 $14 (32. Kxa3 Re5 $11)) 31... Ke7 32. Re1+ Kd6 33. Nc3 {[%emt 0:01:21] Black must now prevent Ne4+.} Rf5 $1 34. Bg4 (34. Re8 $5 Kc7 35. Kxa3 $14) 34... Re5 35. Rd1+ Kc7 36. Kxa3 h5 37. Bf3 Nc5 38. b4 Ne6 39. Be4 g5 40. Rf1 Nd4 41. Rf7+ Bd7 42. Bd3 Re3 (42... Kd8 $11) 43. Kb2 $16 Kd8 44. Rf8+ (44. Ne4 $1 $16) 44... Kc7 (44... Re8 $11 45. Rf7 Re3) 45. Ra8 ({White should try} 45. Ne4 $1 $16) 45... Kb7 (45... Bf5 $11 {keeps the balance.}) 46. Rd8 (46. Rg8 $1 $16 ) 46... Kc7 $11 47. Ra8 (47. Rf8 $11) 47... Kb7 $16 {[%emt 0:00:39] [#]} 48. Rg8 g4 49. hxg4 Bxg4 50. Ne4 {[%emt 0:00:00] Hoping for Kc3.} Ne6 51. Re8 {[%emt 0:00:00] aiming for Re7+.} Kc7 52. Re7+ Kd8 53. Rxa7 Nf4 {[%emt 0:00:04] [#]} 54. Nc5 (54. Kc3 $1 $16) 54... Nxd3+ $14 55. Nxd3 Re2 56. Kc3 Bf5 ({Resist} 56... Rxg2 57. Ne5 $14) 57. Rg7 h4 58. Rg5 {[%emt 0:01:54] Weighted Error Value: White=0.21 (precise) /Black=0.21 (precise)} 1/2-1/2

[Event "Czech Championship 2022"]
[Site "Usti nad Labem"]
[Date "2022.05.18"]
[Round "5.13"]
[White "Krivanek, Vladimir"]
[Black "Serrano Salvador, Eduardo"]
[Result "1-0"]
[ECO "A36"]
[WhiteElo "2180"]
[BlackElo "2286"]
[Annotator "TA"]
[PlyCount "120"]
[EventDate "2022.05.12"]
[EventType "swiss"]
[EventCountry "CZE"]
[SourceTitle "playchess.com"]
[Source "ChessBase"]
[SourceQuality "1"]
[TimeControl "40/5400+30:1800+30"]

1. c4 Nf6 2. Nc3 d6 3. g3 g6 4. Bg2 Bg7 5. d3 O-O 6. e4 c5 7. Nge2 Nc6 8. O-O a6 9. h3 Ne8 {[%emt 0:03:27] A36: Symmetrical English vs ...g6: 4 Bg2 Bg7.} 10. Be3 Nc7 {[%emt 0:01:31] was the old line (10...Nd4).} 11. Qd2 Nd4 {[%emt 0:05:00] The position is equal.} 12. Kh2 Rb8 (12... b5 {with more complications.} 13. Bh6 Bxh6 14. Qxh6 Rb8) 13. Bh6 {[%emt 0:04:02] [#]} Nce6 $146 (13... Bxh6 {is interesting.} 14. Qxh6 b5 15. b3 e5) ({Predecessor:} 13... e5 14. Bxg7 Kxg7 15. Nxd4 cxd4 16. Ne2 Ne6 17. f4 f6 18. f5 Nc5 19. Rab1 a5 20. b3 {½-½ (20) Wendland,J-Bennedik,M (2035) Hessen 1999}) 14. Bxg7 Kxg7 15. f4 f5 (15... Nc6 $11) 16. Rae1 $16 b5 17. exf5 gxf5 18. Nd5 (18. Nxd4 $16 Nxd4 19. Ne2) 18... Rf7 $14 19. Ng1 Nf8 (19... Kh8 $11) 20. b3 {[%emt 0:02:11] White is more active.} e6 21. Ne3 Bb7 22. Rf2 b4 (22... Qf6 $14) 23. Nc2 Nxc2 24. Qxc2 Qf6 25. Bxb7 Rfxb7 26. Nf3 Re7 27. Rfe2 (27. d4 $16) 27... Rbe8 $11 28. Qd2 {[%emt 0:15:32] Black should prevent d4.} e5 {[%emt 0:00:26] Prevents d4.} 29. fxe5 dxe5 30. Qe3 Nd7 (30... e4 $5 31. dxe4 (31. Qxc5 $2 Ne6 $19) 31... Rxe4 $11) 31. d4 e4 (31... cxd4 $11 {keeps the balance.} 32. Nxd4 f4 33. gxf4 exd4 34. Qxe7+ Rxe7 35. Rxe7+ Kf8 36. Rxd7 Qxf4+ 37. Kg2 Qg5+ 38. Kh1 Qh4) 32. Nh4 $1 $16 ({Wrong is} 32. dxc5 $2 exf3 33. Qxf3 (33. Qxe7+ $2 Rxe7 34. Rxe7+ Kg8 $19) 33... Rxe2+ 34. Rxe2 Rxe2+ 35. Qxe2 Nxc5 $19) 32... cxd4 {[%emt 0:07:05] [#]} 33. Qxd4 Ne5 34. Rf1 ({White should try} 34. Rf2 $1 $16 Nf3+ 35. Nxf3 exf3 36. Rxe7+ Rxe7 37. Qf4) 34... Nf3+ $1 $11 (34... Rd7 $2 35. Qe3 $18) 35. Nxf3 exf3 36. Rxe7+ Rxe7 37. Qxf6+ Kxf6 38. Rxf3 {[%emt 0:00:20][%mdl 4096] Endgame KR-KR} (38. Kg1 $11) 38... Re2+ $15 39. Kg1 Rxa2 {[%emt 0:00:19] aiming for ...Ke5.} 40. g4 Ra5 (40... f4 $15 {should be considered.} 41. Rxf4+ Ke5 42. Rf5+ Ke4) 41. Kf2 {[%emt 0:32:56] Threatens to win with Ke3.} Ra2+ {[%emt 0:32:26] Black is now going downhill.} (41... Re5 $11) 42. Ke3 $16 a5 {[%emt 0:00:00] [#]} (42... f4+ $16 43. Rxf4+ Ke7) 43. Kd4 $1 $18 (43. Rxf5+ Ke6 $16) ({Worse is} 43. gxf5 a4 44. Kd4 a3 $15) 43... Ke7 44. gxf5 ({Less strong is} 44. Rxf5 Rd2+ 45. Kc5 Rd3 $16) 44... Ra3 $2 (44... Rd2+ 45. Rd3 Rc2) 45. f6+ Kf7 {[%emt 0:00:00] [#]} 46. Kc5 $1 Ra1 47. Kb5 {[%emt 0:00:00] Black must now prevent c5.} Rc1 48. Rf5 Rc3 49. Ka4 Rxh3 50. Rxa5 Kxf6 51. Kxb4 Ke6 52. Rd5 Rg3 53. Rh5 {[%emt 0:00:00] White mates.} Rg7 54. c5 Kd7 55. Kb5 Kc7 56. b4 Rf7 57. Ka6 Rf6+ 58. Ka7 Kc6 59. Rxh7 Rf1 60. Rh6+ Kd5 {[%emt 0:00:00] Weighted Error Value: White=0.15 (very precise) /Black=0.35} 1-0

[Event "Czech Championship 2022"]
[Site "Usti nad Labem"]
[Date "2022.05.18"]
[Round "5.14"]
[White "Delgerdalai, Bayarjavkhlan"]
[Black "Sykora, Marek"]
[Result "1/2-1/2"]
[ECO "C41"]
[WhiteElo "2119"]
[BlackElo "2249"]
[Annotator "TA"]
[PlyCount "104"]
[EventDate "2022.05.12"]
[EventType "swiss"]
[EventCountry "CZE"]
[SourceTitle "playchess.com"]
[Source "ChessBase"]
[SourceQuality "1"]
[TimeControl "40/5400+30:1800+30"]

1. e4 d6 2. d4 Nf6 3. Nc3 e5 4. Nf3 Nbd7 5. Bc4 Be7 6. O-O O-O 7. Re1 c6 8. a4 a5 9. h3 Qc7 10. Be3 b6 {[%emt 0:12:04] C41: Philidor Defence.} 11. dxe5 ({White should try} 11. Ba2 $14) 11... dxe5 $11 12. Nh4 {[%emt 0:02:18] [#]} g6 $146 ({Predecessor:} 12... Nc5 13. Nf5 Bxf5 14. exf5 Rad8 15. Qe2 Nd5 16. Bxc5 Bxc5 17. Bxd5 cxd5 18. Qxe5 Qc6 {½-½ (38) Kalashian,D (2398)-Seo,J (2453) Chess.com INT 2021}) 13. Qf3 (13. Bh6 $14) 13... Nh5 14. Nf5 gxf5 15. Qxh5 {[%emt 0:01:19] [#] Black must now prevent Bh6.} f4 $1 16. Bd2 Qd6 17. Rad1 Qg6 18. Qf3 (18. Qxg6+ $11 hxg6 19. g3) 18... Nc5 $17 19. Kh2 Ne6 (19... Qh6 $15 {is superior.}) 20. Bxe6 $11 Bxe6 21. g3 $1 fxg3+ $1 22. Qxg3 Qxg3+ 23. Kxg3 f5 24. exf5 Rxf5 25. Be3 {[%emt 0:08:39] [#]} (25. Ne4 $17) 25... Rh5 (25... Kf7 $1 $19 {Threatens to win with ...Rg8+.} 26. Rg1 Rh5) 26. Rh1 ({White should play} 26. Bxb6 $15 Kf7 27. Rd3) 26... Kf7 $17 27. Kf3 Rb8 ({Not} 27... Rxh3+ 28. Rxh3 Bxh3 29. Bxb6 $15) (27... Rh4 $142 28. Ke2 Bf5) 28. Ke2 (28. h4 $142) 28... Rxh3 (28... Bf5 $142 29. Kd2 Rxh3 30. Rxh3 Bxh3) 29. Rxh3 Bxh3 {[%emt 0:00:06] A strong pair of Bishops.} 30. Ne4 b5 31. axb5 cxb5 32. Ng5+ Bxg5 33. Bxg5 {[%emt 0:00:04][%mdl 4096] Endgame KRB-KRB} Bf5 34. c3 Ke6 35. Be3 Rc8 36. Rg1 h5 37. Rh1 Rh8 38. Rh4 a4 39. f3 Kd5 40. Bf2 e4 (40... Bd7 $17) 41. fxe4+ $15 Bxe4 42. Ke3 Bf5 43. c4+ bxc4 44. Rd4+ Kc6 45. Rxc4+ Kb5 46. Rd4 Bg4 47. Be1 Re8+ 48. Re4 Rxe4+ 49. Kxe4 Kc4 {[%emt 0:00:03] ( -> ...Kb3)} 50. Bh4 Kb3 51. Bf6 a3 52. bxa3 Kxa3 {[%emt 0:00:02] Weighted Error Value: White=0.16 (very precise) /Black=0.13 (very precise)} 1/2-1/2

[Event "Czech Championship 2022"]
[Site "Usti nad Labem"]
[Date "2022.05.18"]
[Round "5.15"]
[White "Bouska, Jiri"]
[Black "Freisler, Pavel"]
[Result "1-0"]
[ECO "C78"]
[WhiteElo "2117"]
[BlackElo "2239"]
[Annotator "TA"]
[PlyCount "69"]
[EventDate "2022.05.12"]
[EventType "swiss"]
[EventCountry "CZE"]
[SourceTitle "playchess.com"]
[Source "ChessBase"]
[SourceQuality "1"]
[TimeControl "40/5400+30:1800+30"]

1. e4 e5 2. Nf3 Nc6 3. Bb5 a6 4. Ba4 Nf6 5. d3 Bc5 6. O-O d6 7. h3 {[%emt 0:00:33] C78: Ruy Lopez: Archangelsk and Möller Defences.} O-O 8. c3 Ba7 (8... b5 $5 9. Bc2 a5 $11) 9. Nbd2 {[%emt 0:01:54] The position is equal.} Ne7 10. Re1 Ng6 11. Nf1 c6 {[%emt 0:02:52] 11...c6 has lost popularity.} 12. Ng3 Re8 13. d4 h6 14. Be3 Qc7 {[%emt 0:08:57] [#]} (14... exd4 $11 15. Bxd4 Be6) 15. Qd2 $146 ({Predecessor:} 15. Bc2 Be6 16. Qd2 Rad8 17. Rad1 Qa5 18. a4 exd4 19. Nxd4 Bxd4 20. Bxd4 Qg5 21. Qxg5 hxg5 22. Bxf6 gxf6 {1-0 (53) Titus,A (2158)-Sazci,B (1769) Chess.com INT 2021}) 15... Kh7 16. Bc2 c5 17. Nf5 (17. a4 $14) 17... exd4 $2 {[%emt 0:01:54][%mdl 8192] [#] This move loses the game for Black.} (17... Bxf5 $11 {and Black has nothing to worry.} 18. exf5 Ne7) 18. Bxh6 $1 $18 Bxf5 (18... dxc3 19. bxc3) 19. exf5 gxh6 20. fxg6+ fxg6 21. Nh4 Rxe1+ (21... Rg8 $142 22. Qf4 Qf7 23. Qxd6 Rae8 24. cxd4 Rg7 25. dxc5 Bb8) 22. Rxe1 Rg8 23. Re6 Qf7 24. Qe2 {[%emt 0:01:03] Re7 is the strong threat.} Kh8 25. Re7 Re8 26. Nxg6+ Kg8 27. Bb3 d5 {[%emt 0:01:30] [#]} 28. Bxd5 $1 Nxd5 29. Rxe8+ Kg7 30. Nh8 {[%emt 0:01:26] Threatening mate with Qg4+.} Qf5 31. c4 d3 32. Qe1 d2 33. Qxd2 Nf6 34. Re7+ Kxh8 35. Qxh6+ {[%emt 0:00:05] Weighted Error Value: White=0.05 (flawless) /Black=0.72} 1-0

[Event "Czech Championship 2022"]
[Site "Usti nad Labem"]
[Date "2022.05.18"]
[Round "5.16"]
[White "Nytra, Ondrej"]
[Black "Paseka, Matyas"]
[Result "1/2-1/2"]
[ECO "B92"]
[WhiteElo "2219"]
[BlackElo "2076"]
[Annotator "TA"]
[PlyCount "112"]
[EventDate "2022.05.12"]
[EventType "swiss"]
[EventCountry "CZE"]
[SourceTitle "playchess.com"]
[Source "ChessBase"]
[SourceQuality "1"]
[TimeControl "40/5400+30:1800+30"]

1. e4 c5 2. Nf3 d6 3. d4 cxd4 4. Nxd4 Nf6 5. Nc3 a6 6. Be2 e5 7. Nf3 Be7 8. Bg5 Nbd7 9. O-O {[%emt 0:00:44] B92: Sicilian Najdorf: 6 Be2.} Qc7 10. a4 b6 (10... h6 $5 11. Be3 Nb6 $11) 11. Nd2 {[%emt 0:03:34] White is slightly better.} (11. Nd5 Nxd5 12. exd5 (12. Qxd5 Bb7 $15) 12... e4 13. Bxe7 exf3 $11) 11... Bb7 12. f3 (12. Nc4 $14) 12... O-O $11 13. Nc4 {[%emt 0:01:24] [#]} b5 $146 ({Predecessor:} 13... h6 14. Bh4 Rfe8 15. Bf2 Rac8 16. Ne3 Bf8 17. Bc4 Qb8 18. Qe2 Nc5 19. Rfd1 Ne6 20. Bxa6 {1-0 (57) Salinas Herrera,P (2514)-Potapova,M (2270) Chess.com INT 2020}) 14. axb5 axb5 15. Rxa8 ({Not} 15. Nxb5 $2 Qc5+ 16. Be3 (16. Ne3 $2 Rxa1 17. Qxa1 Nxe4 $19) 16... Qxb5 $19) 15... Rxa8 16. Ne3 b4 17. Nb5 Qb6 {[%emt 0:01:04][%cal Of6e4] [#] And now ...Nxe4! would win.} 18. Kh1 $1 Ba6 $1 19. Nf5 Bf8 20. Be3 Qc6 21. c4 bxc3 $1 22. Nxc3 Rb8 23. Bxa6 Qxa6 24. Rf2 Rb4 25. Rd2 Qb7 26. Nxd6 Bxd6 27. Rxd6 {[%emt 0:00:14] Strongly threatening Nd5.} Rxb2 28. g4 h6 29. h4 Qc7 30. Na4 Rb1 31. Qxb1 Qxd6 32. Qb3 {[%emt 0:00:59] Against Qa3} Qa6 {[%emt 0:01:15] aiming for ...Qf1+.} 33. Kg2 {[%emt 0:00:04] Prevents Qf1+.} Qe2+ 34. Bf2 Nf8 35. Qb2 Qd1 {[%emt 0:00:48] ...Ne6 is the strong threat.} 36. Nc3 Qd3 37. h5 {[%emt 0:00:22] Prevents Ng6.} Kh7 38. Qb8 N6d7 39. Qc8 Ne6 {[%emt 0:01:47] ( -> ...Nf4+)} 40. Nd5 Nf6 41. Ne3 $1 ({Don't go for} 41. Nxf6+ $2 gxf6 42. g5 hxg5 $19) 41... Qb1 42. Bg3 {[%emt 0:00:00] [#]} (42. Qc2 $11 Nf4+ 43. Kh2) 42... Qd3 (42... Nxe4 $1 $15 43. Qc2 (43. fxe4 $2 Qxe4+ 44. Kh2 Qxe3 $19) 43... Qxc2+ 44. Nxc2 Nxg3 45. Kxg3 g6 46. hxg6+ fxg6) 43. Bf2 Qd2 44. Qc2 Nf4+ 45. Kf1 Qa5 46. Bg3 Qa1+ 47. Kf2 Ne6 48. Nc4 Qd4+ 49. Kg2 Nd7 50. Bf2 Nf4+ 51. Kh2 $1 Qa1 {[%emt 0:00:29] Hoping for ...Qf1.} 52. Bg3 Qf1 {[%emt 0:01:58] White must now prevent ...Qh3+.} 53. Bxf4 exf4 54. e5+ Kg8 55. Qe4 (55. e6 $11 fxe6 56. Qe4) 55... Qf2+ $17 56. Kh1 Qf1+ {[%emt 0:02:08] Weighted Error Value: White=0.11 (very precise) /Black=0.06 (flawless)} ({Black should try} 56... Nc5 $17 57. Qa8+ Kh7) 1/2-1/2

[Event "Czech Championship 2022"]
[Site "Usti nad Labem"]
[Date "2022.05.18"]
[Round "5.17"]
[White "Ocelak, Jakub"]
[Black "Jun, Rudolf"]
[Result "1/2-1/2"]
[ECO "E16"]
[WhiteElo "2060"]
[BlackElo "2183"]
[Annotator "TA"]
[PlyCount "45"]
[EventDate "2022.05.12"]
[EventType "swiss"]
[EventCountry "CZE"]
[SourceTitle "playchess.com"]
[Source "ChessBase"]
[SourceQuality "1"]
[TimeControl "40/5400+30:1800+30"]

1. d4 Nf6 2. c4 e6 3. Nf3 b6 4. g3 Bb7 5. Bg2 Bb4+ 6. Bd2 Be7 7. Nc3 $1 {[%emt 0:02:46] 7.Nc3 scores better than 7.0-0.} O-O 8. Bf4 {[%emt 0:12:45] The position is equal. E17: Queen's Indian: 4 g3 Bb7 5 Bg2 Be7.} Nh5 9. Bc1 Nf6 10. Bf4 Nh5 11. Bc1 Nf6 {[%emt 0:13:17] [#] Not much happened in this game.  Weighted Error Value: White=0.10 (very precise) /Black=0.03 (flawless)} {Predecessor:} 12. Qc2 $146 c6 13. e4 d5 14. e5 Nfd7 15. h4 Na6 16. Ng5 g6 17. cxd5 Nb4 18. Qd2 cxd5 19. a3 Nc6 20. Nf3 Re8 21. h5 g5 22. h6 Na5 23. Nxg5 {1-0 (46) Kantor,G (2575)-Korobov,A (2699) Warsaw 2021} 1/2-1/2

[Event "Czech Championship 2022"]
[Site "Usti nad Labem"]
[Date "2022.05.18"]
[Round "5.18"]
[White "Bokhnak, Timofey"]
[Black "Bartos, Jan"]
[Result "1-0"]
[ECO "C02"]
[WhiteElo "2060"]
[BlackElo "2125"]
[Annotator "TA"]
[PlyCount "85"]
[EventDate "2022.05.12"]
[EventType "swiss"]
[EventCountry "CZE"]
[SourceTitle "playchess.com"]
[Source "ChessBase"]
[SourceQuality "1"]
[TimeControl "40/5400+30:1800+30"]

1. e4 e6 2. d4 d5 3. e5 c5 4. c3 Qb6 5. Nf3 Nc6 6. Be2 cxd4 7. cxd4 Nh6 8. Bxh6 $1 {[%emt 0:05:29][%mdl 4] Black must now prevent Bc1. outshines the older 8.Nc3.} Qxb2 {[%emt 0:00:21] C02: French: Advance Variation.} 9. Nbd2 gxh6 10. O-O Bg7 {[%emt 0:11:01] The position is equal.} (10... Nxd4 {is interesting.} 11. Rb1 Nxe2+ 12. Qxe2 Qa3) 11. Nb3 {[%emt 0:04:23][%mdl 1024] Hoping for a3. White has compensation.} Qa3 12. Ne1 O-O 13. f4 f6 {[%emt 0:02:55] [#]} ({Better is} 13... b6) 14. Bd3 $146 ({Predecessor:} 14. Nd3 Qe7 15. exf6 Rxf6 16. Ne5 Bd7 17. Rc1 Rc8 18. Qd2 Rff8 19. Bg4 Nxe5 20. fxe5 {1-0 (53) Morris,P (2405)-Ryan,J (2225) Dublin 1991}) 14... fxe5 {[%emt 0:08:41] ...e4 is the strong threat.} 15. dxe5 Rf7 16. Nc2 Qe7 17. Ne3 (17. Rb1 $14) 17... Bd7 $11 18. Qh5 Be8 19. Ng4 (19. Qh3 $11) 19... Qf8 (19... Nb4 $5 20. Qh3 h5 21. Nf6+ Bxf6 22. exf6 Rxf6 $17) 20. Qh4 Ne7 (20... Rxf4 $2 21. Rxf4 Qxf4 22. Nf6+ Bxf6 23. Qxf4 $18) 21. Nd4 Ng6 (21... Bd7 $1 $11 {keeps the balance.}) 22. Bxg6 $16 {[%emt 0:06:08] White is much more active.} hxg6 23. Nxe6 {[%emt 0:00:44] Pair of Knights!} Qe7 24. Qxe7 Rxe7 25. Nxg7 Kxg7 26. Rad1 Bf7 27. Rd4 Rc7 {[%emt 0:02:41] Against Rc1} 28. Ne3 Rd8 29. Rfd1 b5 30. g4 ({Reject} 30. Nxd5 $6 Rcd7 31. e6 Bxe6 $11) 30... Rc3 31. Kf2 {[%emt 0:00:25] aiming for f5.} Ra3 32. R1d2 Rc8 (32... h5 $14) 33. Nxd5 {[%emt 0:07:24] Strongly threatening f5.} Bxd5 (33... Rc4 $16) 34. Rxd5 {[%emt 0:00:03][%mdl 4096] Endgame KRR-KRR} Rc4 {[%emt 0:01:28] [#]} 35. R5d4 ({Less strong is} 35. Rxb5 Rxf4+ 36. Ke2 h5 $14) ({Worse is} 35. Rd7+ Kf8 $14) 35... Rxd4 36. Rxd4 Rxa2+ $18 {[%emt 0:00:07] [#] KR-KR} 37. Ke3 (37. Kf3 $1 $18 {and the rest is easy.}) 37... a5 $2 (37... Ra1 $16) 38. f5 {[%emt 0:00:22] White is clearly winning.} gxf5 39. gxf5 {[%emt 0:00:04][%cal Bg4f5,Bf5f6,Bf6f7][%mdl 32] Threatens to win with f6+.} b4 40. f6+ Kf7 41. Rd7+ Ke6 42. f7 {[%emt 0:03:03] White wants to mate with Rc7.} Ra3+ 43. Ke4 {[%emt 0:00:16] Weighted Error Value: White=0.17 (very precise) /Black=0.30} 1-0

[Event "Czech Championship 2022"]
[Site "Usti nad Labem"]
[Date "2022.05.18"]
[Round "5.19"]
[White "Horak, Martin"]
[Black "Soucek, Petr"]
[Result "1/2-1/2"]
[ECO "D00"]
[WhiteElo "2343"]
[BlackElo "2177"]
[Annotator "TA"]
[PlyCount "64"]
[EventDate "2022.05.12"]
[EventType "swiss"]
[EventCountry "CZE"]
[SourceTitle "playchess.com"]
[Source "ChessBase"]
[SourceQuality "1"]
[TimeControl "40/5400+30:1800+30"]

1. d4 Nf6 2. Bg5 d5 3. e3 c5 4. dxc5 Ne4 5. Bf4 Nc6 $1 6. Nf3 {[%emt 0:00:31] Prevents e5. D00: 1 d4 d5: Unusual lines.} f6 (6... g6 {with more complications.} 7. c4 Bg7 8. cxd5 Bxb2 9. Nbd2 Nxd2 10. Nxd2 Qxd5 11. Rb1 Bc3) 7. c4 {[%emt 0:03:55] [#]} dxc4 $146 {[%emt 0:02:13] [#] aiming for ...Qxd1+.} (7... e5 $5 8. Bg3 Be6 9. cxd5 Qxd5 10. Qxd5 Bxd5 $15) ({Predecessor:} 7... e5 8. Bg3 Be6 9. cxd5 Qxd5 10. Qxd5 Bxd5 11. a3 h5 12. b4 a5 13. b5 Ne7 {0-1 (53) Wessel,R-Schleef,H freechess.de 2020}) 8. Qxd8+ Nxd8 9. Bxc4 e5 10. Bg3 Bxc5 11. O-O ({Better is} 11. Bd5 $11 Nxg3 12. hxg3) 11... Be6 $15 12. Nbd2 Nd6 {[%emt 0:05:15] Against Bb5+} 13. Bxe6 Nxe6 14. Rfd1 Ke7 15. Ne1 h5 {[%emt 0:06:20] Strongly threatening ...h4.} 16. h4 Rac8 17. Kf1 Bb6 18. Nd3 (18. Ke2 $142) 18... Rc2 ({Black should try} 18... Nf5 $17 {[%cal Ob6e3] And now ...Bxe3! would win.} 19. Nb4 Rhd8) 19. b3 (19. Rab1 $15) 19... a5 20. Ne1 Rc3 21. Rac1 Rhc8 22. Rxc3 Rxc3 23. Ke2 {[%emt 0:01:10] [#]} Nc7 (23... Nc5 $1 $17 24. Bh2 g6) 24. Nb1 $1 Rc6 25. f3 $1 Ke6 26. Bf2 Nd5 (26... f5 $15) 27. e4 $1 $11 {[%emt 0:02:59] The position is equal.} Nb4 {[%emt 0:02:56] Threatens to win with ...Bxf2.} 28. Bxb6 Rxb6 29. Nc3 Nb5 30. Nxb5 Rxb5 31. Rd2 Nc6 32. Nc2 a4 {[%emt 0:02:20] Weighted Error Value: White=0.11 (very precise) /Black=0.15 (very precise)} 1/2-1/2